 Dungeon Crawl Stone Soup version 0.31.0-12-g77e489cdc1 (webtiles) character file.

Game seed: 8721735981791115511

119 dirge the Covered (level 4, -1/38 HPs)
             Began as an Armataur Fighter on Feb 20, 2024.
             Slain by an adder (2 damage)
             ... on level 4 of the Dungeon.
             The game lasted 00:05:43 (2541 turns).

dirge the Covered (Armataur Fighter)                Turns: 2541, Time: 00:05:44

Health: -1/38      AC:  1    Str: 19 (21) XL:     4   Next: 73%
Magic:  13/13      EV:  7    Int:  6 (8)  God:
Gold:   70         SH:  4    Dex:  9 (12) Spells: 3/3 levels left

rFire   . . .        a - +1 flail
rCold   . . .        c - +0 buckler
rNeg    . . .        b - +0 scale mail
rPois   +            p - +0 helmet of a Million Lives {Rampage rPois Slay+2}
rElec   .            (no cloak)
rCorr   .            i - +0 pair of gloves
SInv    .            (no barding)
Will    .....        (no amulet) Stlth
                     o - ring of magical power
HPRegen 0.26/turn    (no ring)
MPRegen 1.12/turn

%: roll
@: corroded
A: large, deformed body, tough skin 3, armoured tail, roll 1
a: no special abilities


You were on level 4 of the Dungeon.
You visited 1 branch of the dungeon, and saw 4 of its levels.

You collected 96 gold pieces.
You spent 26 gold pieces at shops.

Inventory:

Hand Weapons
 a - a +1 flail (weapon)
Missiles
 s - 6 atropa-tipped darts (quivered)
Armour
 b - a +0 scale mail (worn)
 c - a +0 buckler (worn)
 i - a +0 pair of gloves (worn)
 p - the +0 helmet of a Million Lives (worn) {Rampage rPois Slay+2}
   (You found it on level 2 of the Dungeon)

   Slay+2:    It affects your accuracy & damage with ranged weapons and melee
   (+2).
   rPois:     It protects you from poison Rampage: It bestows one free step when
   moving towards enemies.
Jewellery
 o - a ring of magical power (left hand)
Scrolls
 g - a scroll of enchant weapon
 h - a scroll of enchant armour {unknown}
 j - a scroll of amnesia
 k - a scroll of blinking
 r - a scroll of fear {unknown}
Potions
 d - a potion of might
 e - a potion of resistance
 f - 2 potions of enlightenment
 l - a potion of magic
 m - a potion of heal wounds {unknown}
 q - a potion of attraction {unknown}


   Skills:
 + Level 3.1 Fighting
 * Level 3.5 Maces & Flails
 + Level 4.3 Armour
 + Level 3.6 Shields


You had 3 spell levels left.
You didn't know any spells.
Your spell library contained the following spells:

 Spells                   Type           Power      Damage    Failure   Level
 Mercury Vapours          Alch/Air       0%         N/A       95%         2
 Momentum Strike          Conj/Tloc      0%         3d8       95%         2
 Mephitic Cloud           Conj/Alch/Air  0%         N/A       99%         3
 Manifold Assault         Tloc           0%         N/A       100%        4
 Freezing Cloud           Conj/Ice/Air   0%         6-21      100%        5
 Dispersal                Tloc           0%         N/A       100%        6


Dungeon Overview and Level Annotations

Branches:
Dungeon (4/15)
 Temple: D:4-7

Altars:
Cheibriados
Qazlal

Shops:
D:2 ?


Innate Abilities, Weirdness & Mutations

Armour fits poorly on your strangely shaped body.
You have extremely tough skin. (AC +3)
You have a long armoured tail.
You regenerate magic when rolling toward enemies. (Rampage MPRegen)


Message History

The orc shouts!
You sock the orc!
You kill the orc!
An adder comes into view.
Things that are here:
a +0 club; an orc corpse You roll towards the orc!
You sock the orc!
You kill the orc!
Things that are here:
8 gold pieces; a staff of alchemy You roll towards the orc!
You hit the orc but do no damage. The orc hits you with a +0 hand axe.
You block the adder's attack.
You hit the orc.
You tail-slap the orc, but do no damage.
The orc is severely wounded.
The orc hits you with a +0 hand axe. The adder bites you.
* * * LOW HITPOINT WARNING * * *
You are poisoned.
The adder poisons you! The adder closely misses you.
The orc completely misses you.
You closely miss the orc.
The orc is severely wounded.
You feel sick. The adder bites you.
* * * LOW HITPOINT WARNING * * *
The orc closely misses you.
You barely miss the orc.
The orc is severely wounded.
You feel sick. The adder closely misses you.
The orc hits you with a +0 hand axe.
* * * LOW HITPOINT WARNING * * *
The adder bites you.
* * * LOW HITPOINT WARNING * * *
It was a potion of degeneration.
There was something very wrong with that liquid.
You feel weakened.
You feel dopey.
You feel clumsy.
* * * LOW HITPOINT WARNING * * *
You feel sick.
You are no longer poisoned.
The adder bites you.
You die...

#######.)#####
..
#............#
#..........#...
#..........## .
#.............
#...........#.#
###...........#
.
#....).$......#
#......@......#
#......oS......
###..........##
#............
#............
######.......
.....#. .....#


You could see an adder and an orc.

Vanquished Creatures
  A jelly (D:4)
  3 adders
  A ribbon worm (D:2)
  2 orcs (D:4)
  9 endoplasms
  4 giant cockroaches
  3 goblins
  4 hobgoblins
  2 quokkas
  6 ball pythons
  4 bats
  4 frilled lizards
  5 kobolds
  4 rats
52 creatures vanquished.

Notes
Turn   | Place    | Note
-------+----------+-------------------------------------------
     0 | D:1      | dirge the Armataur Fighter began the quest for the Orb.
     0 | D:1      | Reached XP level 1. HP: 18/18 MP: 1/1
   215 | D:1      | Got the Papyrus of Space
   312 | D:1      | Reached XP level 2. HP: 25/25 MP: 2/2
   512 | D:1      | Found a faded altar of an unknown god.
   984 | D:2      | Reached skill level 4 in Armour
  1064 | D:2      | Reached XP level 3. HP: 25/31 MP: 3/3
  1441 | D:2      | Identified the +0 helmet of a Million Lives {Rampage rPois
                  | Slay+2}
  1546 | D:2      | Found Olyfyfu's Magic Scroll Shoppe.
  1552 | D:2      | Bought a scroll of identify for 26 gold pieces
  1923 | D:3      | Reached XP level 4. HP: 23/38 MP: 4/4
  2423 | D:3      | Found a stormy altar of Qazlal.
  2423 | D:3      | Found a snail-covered altar of Cheibriados.
  2541 | D:4      | HP: 1/38 [poisoned by an adder]
  2541 | D:4      | Slain by an adder

Illustrated notes

Levels and vault maps discovered:
D:1:      tarquinn_simple_flora_water_c, layout_basic, serial_co_window_serial,
          co_window_paths_b, co_window_paths_a, co_window_of_opportunity_a,
          co_window_cross_1, co_window_paths_a, co_window_paths_c,
          co_window_of_opportunity_b, co_window_of_opportunity_c,
          co_window_4corner_b, co_window_4corner_a, glass_columns_a,
          glass_columns_a, glass_columns_c, glass_columns_c,
          chequers_ecumenical_altar_lobes
D:2:      layout_loops_ring, serial_shops, shop
D:3:      layout_basic, gammafunk_temple_overflow_wave
D:4:      black_bear_nest_2, layout_basic, nicolae_houndstooth_variations,
          uniq_crazy_yiuf_cottage, uniq_eustachio, uniq_natasha

Skill      XL: |  1  2  3 |
---------------+----------+-----
Maces & Flails | 2 3 |  3.5
Armour         | 4 |  4.3
Fighting       | 3 |  3.1
Shields        | |  3.6

Action                     |  1- 3 |  4- 6 || total
---------------------------+-------+-------++-------
  Melee: Flail             |    93 |    41 ||   134
         Tailslap          |     9 |     4 ||    13
    Use: Scroll            |     3 |     6 ||     9
         Potion            |       |     1 ||     1
 Armour: Scale mail        |    75 |    39 ||   114
  Dodge: Dodged            |    33 |    17 ||    50
  Block: Buckler           |    22 |    15 ||    37
